 Dungeon Crawl Stone Soup version 0.28-a0-245-g639a1a48b9 (webtiles) character file.

Game seed: 3399729283549389006

174 thedisplayname the Slasher (level 5, -7/46 HPs)
             Began as a Hill Orc Fighter on Aug 24, 2021.
             Killed by nerve-wracking pain
             ... invoked by Grinder
              (9 damage)
             ... on level 3 of the Dungeon.
             The game lasted 00:05:06 (3237 turns).

thedisplayname the Slasher (Hill Orc Fighter)       Turns: 3237, Time: 00:05:08

Health: -7/46      AC:  7    Str: 20    XL:     5   Next: 54%
Magic:  5/5        EV:  7    Int:  8    God:
Gold:   101        SH:  8    Dex: 10    Spells: 4/4 levels left

rFire   . . .      SeeInvis .   a - +0 long sword
rCold   . . .      Faith    .   c - +0 kite shield
rNeg    . . .      Spirit   .   b - +0 scale mail
rPois   .          Reflect  .   (no helmet)
rElec   .          Harm     .   (no cloak)
rCorr   .          Rampage  .   (no gloves)
Will    .....                   (no boots)
Stlth   ..........              (no amulet)
HPRegen 0.15/turn               (no ring)
MPRegen 0.09/turn               (no ring)

@: mighty
A: no striking features
a: no special abilities


You were on level 3 of the Dungeon.
You visited 1 branch of the dungeon, and saw 3 of its levels.

You collected 101 gold pieces.

Inventory:

Hand Weapons
 a - a +0 long sword (weapon)
Armour
 b - a +0 scale mail (worn)
 c - a +0 kite shield (worn)
Wands
 l - a wand of flame (21)
Potions
 e - a potion of ambrosia
 f - a potion of berserk rage {unknown}
 g - a potion of brilliance
 i - 2 potions of cancellation


   Skills:
 - Level 3.6 Fighting
 * Level 4.5 Long Blades
 + Level 4.3 Armour
 + Level 4.3 Shields


You had 4 spell levels left.
You didn't know any spells.
Your spell library was empty.

Dungeon Overview and Level Annotations

Branches:
Dungeon (3/15)

Altars:
Qazlal
Ru
Trog

Annotations:
D:3 Grinder


Message History

Grinder completely misses you.
You hit Grinder.
Grinder is lightly wounded.
Grinder gestures at you. You resist with significant effort.
You slash Grinder!
Grinder is moderately wounded.
Grinder hits you.
You writhe in agony.
You slash Grinder!
Grinder is heavily wounded.
You block Grinder's attack. Grinder gestures at you.
Pain shoots through your body!
You closely miss Grinder.
Grinder is heavily wounded.
Grinder hits you.
You barely miss Grinder.
Grinder is heavily wounded.
Grinder hits you. Grinder hits you but does no damage.
Drinking this now will have no effect.
You feel very mighty all of a sudden. Grinder hits you!
* * * LOW HITPOINT WARNING * * *
You writhe in agony.
* * * LOW HITPOINT WARNING * * *
You closely miss Grinder.
Grinder is heavily wounded.
Grinder hits you.
* * * LOW HITPOINT WARNING * * *
You writhe in agony.
* * * LOW HITPOINT WARNING * * *
Okay, then.
Aiming: Throw Flame
Press: ? - help, Shift-Dir - straight line, f - Grinder
Aim: Grinder (heavily wounded, 64% to hit)
The puff of flame hits Grinder!
Grinder is severely wounded.
Grinder gestures at you. Pain shoots through your body!
You die...

######..........##.#..#.#...#..P.
.....+..........'.........#.#..P.
######..........##.#..#.#...#..P.
# #..........##.#..#.....#..P. #
#..........##.#######..#..P. #
#..........##.............P. #
#..........###########...... #
#..........## #..####
#######.........@# ##†.# #
.................5....######..###
.................................
......................#######.###
......................# ###
......###÷###+###+#####
......#..#.......#..#
#######..#.......#..#
#..+..'###+###+..+


You could see Grinder.

Vanquished Creatures
  Natasha (thrice) (D:2)
  3 adders
  3 worms
  2 dart slugs
  5 ball pythons
  4 endoplasms
  2 giant cockroaches (D:1)
  8 goblins
  6 hobgoblins
  7 quokkas
  2 bats
  4 frilled lizards
  3 kobolds
  10 rats
62 creatures vanquished.

Notes
Turn   | Place    | Note
-------+----------+-------------------------------------------
     0 | D:1      | thedisplayname the Hill Orc Fighter began the quest for the
                  | Orb.
     0 | D:1      | Reached XP level 1. HP: 19/19 MP: 1/1
   509 | D:1      | Reached XP level 2. HP: 21/27 MP: 2/2
   874 | D:1      | Found a faded altar of an unknown god.
   967 | D:1      | Reached XP level 3. HP: 32/33 MP: 3/3
  1597 | D:2      | Noticed Natasha
  1604 | D:2      | Killed Natasha
  1605 | D:2      | Reached XP level 4. HP: 34/40 MP: 4/4
  2014 | D:2      | Noticed Natasha
  2020 | D:2      | Killed Natasha
  2021 | D:2      | Reached XP level 5. HP: 45/46 MP: 5/5
  2147 | D:2      | Noticed Natasha
  2155 | D:2      | Killed Natasha
  2774 | D:3      | Found a sacrificial altar of Ru.
  2782 | D:3      | Found a bloodstained altar of Trog.
  2966 | D:3      | Found a stormy altar of Qazlal.
  3228 | D:3      | Noticed Grinder
  3236 | D:3      | HP: 2/46 [Grinder (4)]
  3237 | D:3      | Killed from afar by Grinder

Illustrated notes

Levels and vault maps discovered:
D:1:      mainiacjoe_arrival_reflecting_pool, layout_basic,
          hellmonk_ecumenical_altar_inner_sanctum,
          chequers_serial_rivers_small_a
D:2:      layout_loops_ring, uniq_natasha
D:3:      layout_basic, lemuel_coloured_pillars_altar,
          overflow_temple_1_default, mainiacjoe_overflow_cross_hatched,
          mainiacjoe_overflow_24_doors, mainiacjoe_overflow_alcove_4,
          uniq_grinder

Skill      XL: |  1  2  3  4 |
---------------+-------------+-----
Long Blades    | 3 4 |  4.5
Shields        | 4 |  4.3
Armour         | 4 |  4.3
Fighting       | |  3.6

Action                   |  1- 3 |  4- 6 || total
-------------------------+-------+-------++-------
Melee: Long sword        |    85 |   114 ||   199
Evoke: Wand              |       |     1 ||     1
  Use: Scroll            |     3 |     2 ||     5
       Potion            |     1 |     3 ||     4
Armor: Scale mail        |    52 |    47 ||    99
Dodge: Dodged            |    42 |    39 ||    81
Block: Kite shield       |    38 |    48 ||    86
       Rpst.: Long sword |    15 |    11 ||    26

Table legend: (Time is in decaauts)
 A = Elapsed time spent in this place.
 B = Non-inter-level travel time spent in this place.
 C = Inter-level travel time spent in this place.
 D = Time resting spent in this place.
 E = Time spent auto-exploring this place.
 F = Levels seen in this place.
 G = Mean time per level.
                   A        B        C        D        E       F      G
               +--------+--------+--------+--------+--------+-----+--------+
         Total |   3328 |   3290 |     38 |   1084 |   1690 |   3 | 1109.3 |
       Dungeon |   3328 |   3290 |     38 |   1084 |   1690 |   3 | 1109.3 |
               +--------+--------+--------+--------+--------+-----+--------+

Top non-repeatable levels by time:
     D:1: 1535 daAuts
     D:2: 1272 daAuts
     D:3: 520 daAuts
